 Dungeon Crawl Stone Soup version 0.20.0-4-g10b340a (webtiles) character file.

102 ChaseSP the Chopper (level 4, -1/39 HPs)
             Began as a Hill Orc Fighter on May 27, 2017.
             Was an Initiate of Okawaru.
             Slain by a scorpion (4 damage)
             ... on level 4 of the Dungeon.
             The game lasted 00:04:04 (2410 turns).

ChaseSP the Chopper (Hill Orc Fighter)              Turns: 2410, Time: 00:04:05

Health: -1/39      AC:  6    Str: 18    XL:     4   Next: 78%
Magic:  4/4        EV:  7    Int: 13    God:    Okawaru [......]
Gold:   64         SH:  9    Dex: 11    Spells: 3/3 levels left

rFire    . . .     SeeInvis .   a - +0 war axe
rCold    . . .     Gourm    .   c - +0 shield
rNeg     . . .     Faith    .   b - +0 scale mail
rPois    .         Spirit   .   (no helmet)
rElec    .         Reflect  .   (no cloak)
rCorr    .         Harm     .   (no gloves)
MR       .....                  (no boots)
Stlth    ..........             k - amulet of magic regeneration
Regen    0.2/turn               (no ring)
MPRegen  0.2/turn               (no ring)

@: brilliant, lethally poisoned (-1 -> -25)
A: no striking features
a: Renounce Religion


You were on level 4 of the Dungeon.
You worshipped Okawaru.
Okawaru was noncommittal.
You were not hungry.

You visited 1 branch of the dungeon, and saw 4 of its levels.

You collected 64 gold pieces.

Inventory:

Hand Weapons
 a - a +0 war axe (weapon)
 E - a +1 mace of protection
Missiles
 v - 19 bolts
Armour
 b - a +0 scale mail (worn)
 c - a +0 shield (worn)
Jewellery
 k - an amulet of magic regeneration (around neck)
 l - an uncursed amulet of the gourmand
 u - an uncursed ring of poison resistance {unknown}
 A - an uncursed amulet of harm {unknown}
Wands
 y - a wand of acid (5/15)
Scrolls
 g - a scroll of recharging {unknown}
 h - 2 scrolls of random uselessness {unknown}
 j - 3 scrolls of identify {unknown}
 m - 2 scrolls of enchant weapon {unknown}
 n - a scroll of remove curse {unknown}
 q - 2 scrolls of teleportation {unknown}
 w - a scroll of fog {unknown}
 x - 2 scrolls of immolation {unknown}
 D - a scroll of magic mapping {unknown}
Potions
 d - 2 potions of might
 e - a potion of berserk rage {unknown}
 i - a potion of mutation {unknown}
 o - a potion of brilliance
 p - a potion of lignification {unknown}
 r - a potion of degeneration {unknown}
 s - a potion of heal wounds
 z - 2 potions of cancellation {unknown}
 B - a potion of curing {unknown}
Comestibles
 f - 2 bread rations
 t - 16 fruits
 C - 2 chunks of flesh


   Skills:
 - Level 3.6 Fighting
 * Level 6.4 Axes
 - Level 3.2 Armour
 - Level 3.2 Shields


You had 3 spell levels left.
You didn't know any spells.

Dungeon Overview and Level Annotations

Branches:
Dungeon (4/15)
 Temple: D:4-7

Altars:
Nemelex Xobeh
Okawaru
Qazlal
Ru
Sif Muna
Uskayaw
Xom
The Shining One


Message History

You feel sick. The scorpion stings you!
You are more poisoned.
The scorpion poisons you!
You hit the scorpion but do no damage.
The scorpion is severely wounded.
You feel very sick.
The scorpion stings you but does no damage.
The scorpion stings you.
* * * LOW HITPOINT WARNING * * *
You hit the scorpion.
The scorpion is severely wounded.
* * * LOW HITPOINT WARNING * * *
You feel very sick. You block the scorpion's attack.
You hit the scorpion.
The scorpion is almost dead.
* * * LOW HITPOINT WARNING * * *
You feel very sick. The scorpion stings you.
You die...

##...###....†# ##.#.#
#.# ##...#...#..#
##....###.#
#..........###..........
#......##..##......#....
##..#####...............
#..# #...###.##........
#..# #.### #.##.##.#.>.
#..# #.# #.##.##.##.#
#..# #@# ..##.##.##.#
#..##s..# ..#...#.##.#
...#........#.#.##.#
#... ...###.. .#.##.#
...## ##.# .. #...#.#
###. .# #.# ... # . ..


You could see a scorpion.

Vanquished Creatures
  3 adders
  2 worms (D:2)
  A dart slug (D:1)
  3 leopard geckos
  3 orcs (D:3)
  8 bats
  3 giant cockroaches
  4 goblins
  9 hobgoblins
  2 quokkas
  3 frilled lizards
  7 kobolds
  12 rats
60 creatures vanquished.

Notes
Turn   | Place    | Note
-------+----------+-------------------------------------------
     0 | D:1      | ChaseSP the Hill Orc Fighter began the quest for the Orb.
     0 | D:1      | Reached XP level 1. HP: 19/19 MP: 1/1
    53 | D:1      | Reached skill level 3 in Axes
   162 | D:1      | Reached XP level 2. HP: 26/26 MP: 2/2
   212 | D:1      | Reached skill level 4 in Axes
   598 | D:2      | Found a sacrificial altar of Ru.
   599 | D:2      | Found a stormy altar of Qazlal.
   605 | D:2      | Reached XP level 3. HP: 31/31 MP: 3/3
   904 | D:2      | Reached skill level 5 in Axes
  1107 | D:2      | Found a sparkling altar of Nemelex Xobeh.
  1124 | D:2      | Reached XP level 4. HP: 29/39 MP: 4/4
  1769 | D:3      | Reached skill level 6 in Axes
  1911 | D:3      | Found a glowing golden altar of the Shining One.
  2285 | D:3      | Found a shimmering altar of Xom.
  2287 | D:3      | Found a shimmering altar of Xom.
  2287 | D:3      | Found a deep blue altar of Sif Muna.
  2289 | D:3      | Found a hide-covered altar of Uskayaw.
  2289 | D:3      | Found a shimmering altar of Xom.
  2289 | D:3      | Found a deep blue altar of Sif Muna.
  2330 | D:4      | Found an iron altar of Okawaru.
  2368 | D:4      | Became a worshipper of Warmaster Okawaru
  2410 | D:4      | Slain by a scorpion

Skill      XL: |  1  2  3  4 |
---------------+-------------+-----
Axes           | 3 4 5 6 |  6.4
Fighting       | |  3.6
Armour         | |  3.2
Shields        | |  3.2

Action                   |  1- 3 |  4- 6 || total
-------------------------+-------+-------++-------
Melee: War axe           |   107 |   107 ||   214
  Use: Potion            |       |     2 ||     2
  Eat: Chunk             |     1 |     4 ||     5
Armor: Scale mail        |    58 |    43 ||   101
Dodge: Dodged            |    37 |    26 ||    63
Block: Shield            |    62 |    50 ||   112
